 Dungeon Crawl Stone Soup version 0.29-a0-541-gaf1fc19f1b (webtiles) character file.

Game seed: 2400298943741588224

18 xian the Sneak (level 2, -2/19 HPs)
             Began as an Octopode Brigand on June 3, 2022.
             Slain by a jackal (3 damage)
             ... on level 1 of the Dungeon.
             The game lasted 00:01:29 (502 turns).

xian the Sneak (Octopode Brigand)                    Turns: 502, Time: 00:01:29

Health: -2/19      AC:  1    Str: 10    XL:     2   Next: 70%
Magic:  2/2        EV: 13    Int: 13    God:
Gold:   37         SH:  0    Dex: 13    Spells: 1/1 levels left

rFire   . . .      SeeInvis .   a - +2 dagger
rCold   . . .      Faith    .   (no shield)
rNeg    . . .      Spirit   .   (helmet restricted)
rPois   .          Reflect  .   (no amulet)
rElec   .          Harm     .   (no ring)
rCorr   .          Rampage  .   (no ring)
Will    .....                   (no ring)
Stlth   ++++......              (no ring)
HPRegen 0.06/turn               (no ring)
MPRegen 0.08/turn               (no ring)
                                (no ring)
                                (no ring)

@: no status effects
A: almost no armour, amphibious, 8 rings, camouflage 1, gelatinous body 1,
(nimble swimmer 1), tentacles
a: no special abilities


You were on level 1 of the Dungeon.
You visited 1 branch of the dungeon, and saw 1 of its levels.

You collected 37 gold pieces.

Inventory:

Hand Weapons
 a - a +2 dagger (weapon)
Missiles
 b - 9 poisoned darts (quivered)
 c - 3 curare-tipped darts
Scrolls
 d - a scroll of immolation {unknown}
Potions
 e - a potion of haste {unknown}
 f - 3 potions of heal wounds {unknown}


   Skills:
 + Level 2.0 Fighting
 + Level 2.3 Short Blades
 + Level 2.1 Throwing
 + Level 1.2 Dodging
 + Level 5.9 Stealth


You had one spell level left.
You didn't know any spells.
Your spell library was empty.

Dungeon Overview and Level Annotations

Branches:
Dungeon (1/15)

Altars:


Innate Abilities, Weirdness & Mutations

You cannot wear most types of armour.
You are amphibious.
You can wear up to eight rings at the same time.
Your skin changes colour to match your surroundings (Stealth+).
Your rubbery body absorbs attacks. (AC +1, EV +1)
((You are camouflaged when in or above water. (Stealth+)))
You have tentacles for arms and can constrict up to eight enemies at once.


Message History

You hit the jackal. You grab the jackal.
The jackal is moderately wounded.
You constrict the jackal. The jackal closely misses you. The jackal misses you.
You barely miss the jackal.
The jackal is heavily wounded.
You constrict the jackal. The jackal closely misses you.
The jackal barely misses you.
You hit the jackal.
You kill the jackal!
The bat misses you. The jackal closely misses you. The bat misses you.
The jackal closely misses you.
You hit the bat.
You kill the bat!
The jackal barely misses you.
You barely miss the quokka. Your grab misses the quokka. The quokka bites you.
The jackal misses you. The quokka bites you.
You hit the quokka. Your grab misses the quokka. You squeeze the quokka.
You kill the quokka!
The jackal closely misses you. x2
You closely miss the jackal. Your grab misses the jackal.
You tentacle-slap the jackal, but do no damage.
The jackal barely misses you. The jackal closely misses you. x2
You barely miss the jackal. Your grab misses the jackal.
The jackal closely misses you. The jackal bites you.
You hit the jackal. Your grab misses the jackal.
The jackal is moderately wounded.
The jackal bites you.
* * * LOW HITPOINT WARNING * * *
The jackal bites you.
* * * LOW HITPOINT WARNING * * *
You closely miss the jackal. Your grab misses the jackal.
The jackal is moderately wounded.
The jackal bites you.
* * * LOW HITPOINT WARNING * * *
The jackal closely misses you. The jackal misses you.
You closely miss the jackal. Your grab misses the jackal.
Your squeeze misses the jackal.
The jackal is moderately wounded.
The jackal barely misses you. The jackal bites you.
You die...

.. ... ...######### ...........
..r...... ...... #..## #...####
.. #.#.hh@# .. ###### #.####h#
... ##..... #. #.# .#. ##......
#.# .. #.###.#.###....... #.#
.#####.....#..##....... ####.##
.##.....)..###.##....... .....#
#.##........###.##....... .....#
#.##............##.......
###...###.##.......####..#.......


You could see 3 jackals.

Vanquished Creatures
  A ball python (D:1)
  2 endoplasms (D:1)
  2 giant cockroaches (D:1)
  4 goblins (D:1)
  A jackal (D:1)
  A kobold (D:1)
  A quokka (D:1)
  A bat (D:1)
  A frilled lizard (D:1)
  2 rats (D:1)
16 creatures vanquished.

Notes
Turn   | Place    | Note
-------+----------+-------------------------------------------
     0 | D:1      | xian the Octopode Brigand began the quest for the Orb.
     0 | D:1      | Reached XP level 1. HP: 14/14 MP: 1/1
    27 | D:1      | Reached XP level 2. HP: 4/19 MP: 2/2
   502 | D:1      | Slain by a jackal

Illustrated notes

Levels and vault maps discovered:
D:1:      nicolae_arrival_memento_mori, layout_rooms

Action                   || total
-------------------------++-------
Melee: Dagger            ||    39
       Constrict         ||     6
       Tentacles         ||     3
       Punch             ||     1
 Stab: Sleeping          ||     1
Armor: Skin              ||     2
Dodge: Dodged            ||    46

Table legend: (Time is in decaauts)
 A = Elapsed time spent in this place.
 B = Non-inter-level travel time spent in this place.
 C = Inter-level travel time spent in this place.
 D = Time resting spent in this place.
 E = Time spent auto-exploring this place.
 F = Levels seen in this place.
 G = Mean time per level.
                   A        B        C        D        E       F      G
               +--------+--------+--------+--------+--------+-----+--------+
         Total |    497 |    497 |      0 |    263 |     60 |   1 |  497.0 |
       Dungeon |    497 |    497 |      0 |    263 |     60 |   1 |  497.0 |
               +--------+--------+--------+--------+--------+-----+--------+

Top non-repeatable levels by time:
     D:1: 497 daAuts
